[Event "Team 45 45 League T26"]
[Site "Internet Chess Club"]
[Date "2005.04.25"]
[Round "6"]
[White "trevor21"]
[Black "camembert"]
[Result "1-0"]
[WhiteElo "2071"]
[BlackElo "1822"]
[TimeControl "2700+45"]

1. d4 Nf6 2. c4 c5 3. d5 e6 4. Nc3 exd5 5. cxd5 d6 6. e4 g6 7. f3 Bg7 8. Be3 O-O
9. Nge2 a6 10. a4 Nbd7 11. Ng3 h5 12. Bg5 Qc7 13. Qd2 Re8 14. Be2 Nh7 15. Bh6
Bf6 16. O-O Ne5 17. Be3 Rb8 18. h3 b6 19. Rf2 Bh4 20. Kh2 c4 21. Raf1 b5 22.
axb5 axb5 23. f4 Nd7 24. Bf3 Nhf6 25. Nxh5 Nxh5 26. Bxh5 gxh5 27. g3 Bf6 28. e5
Bg7 29. e6 fxe6 30. dxe6 Rxe6 31. f5 Rf6 32. Nd5 Qd8 33. Bg5 Qf8 34. Qe2 Qf7 35.
Ne7+ Kh7 36. Ng6 Ne5 37. Qxh5+ Kg8 38. Bxf6 Qxf6 39. Nxe5 dxe5 40. g4 Bb7 41. g5
Qd6 42. f6 e4+ 43. Rf4 Qd2+ 44. R1f2 e3 45. Rxd2 exd2 46. Rd4 {Black resigns}
1-0

[Event "Team 45 45 League T26"]
[Site "Internet Chess Club"]
[Date "2005.04.23"]
[Round "6"]
[White "RD1974"]
[Black "FOENIX"]
[Result "1/2-1/2"]
[WhiteElo "1759"]
[BlackElo "1524"]
[TimeControl "2700+45"]

1. e4 c5 2. Nc3 e6 3. g3 d5 4. Bg2 dxe4 5. Bxe4 Nf6 6. Bg2 Nc6 7. Nf3 Be7 8. O-O
O-O 9. d3 h6 10. Re1 a6 11. Bf4 Bd6 12. Be3 b6 13. d4 Rb8 14. Ne2 cxd4 15. Nexd4
Nxd4 16. Nxd4 Bb7 17. Nc6 Bxc6 18. Bxc6 Bc7 19. Bg2 Qxd1 20. Raxd1 Rfd8 21. a4
Nd5 22. Bxd5 Rxd5 23. Rxd5 exd5 24. Rd1 Rd8 25. f4 Rd7 26. Kf2 f5 27. Bd4 Kf7
28. Re1 Re7 29. Be5 Bxe5 30. fxe5 Ke6 31. c3 g5 32. h3 Rc7 33. Re3 Rc4 34. b3
Re4 35. Rd3 Rxe5 36. b4 Kd6 37. c4 Kc6 38. cxd5+ Rxd5 39. Rc3+ Kd7 40. Rc4 Rd2+
41. Kg1 Ra2 42. b5 axb5 43. axb5 Rb2 44. Rc6 Rxb5 45. Rxh6 Kc7 46. Rg6 f4 47.
Kf2 fxg3+ 48. Kxg3 Kb7 49. Kg4 Rc5 50. Rxg5 Rxg5+ 51. Kxg5 b5 52. Kf4 Kc6 53.
Ke3 Kd5 54. Kd3 b4 55. h4 b3 56. h5 b2 57. Kc2 b1=Q+ 58. Kxb1 Ke6 59. h6 Kf7
{Game drawn by mutual agreement} 1/2-1/2

[Event "Team 45 45 League T26"]
[Site "Internet Chess Club"]
[Date "2005.04.22"]
[Round "6"]
[White "nursey"]
[Black "jmc860"]
[Result "1/2-1/2"]
[WhiteElo "1696"]
[BlackElo "1608"]
[TimeControl "2700+45"]

1. e4 e6 2. d4 d5 3. Nc3 Bb4 4. e5 Qd7 5. Bd3 b6 6. Qg4 f5 7. Qh5+ Qf7 8. Qxf7+
Kxf7 9. Nf3 h6 10. O-O Ba6 11. Nb5 Bxb5 12. Bxb5 c6 13. Bd3 Nd7 14. c3 Bf8 15.
b3 Ne7 16. a4 Ng6 17. a5 Be7 18. Re1 Rhb8 19. Bxf5 exf5 20. e6+ Ke8 21. exd7+
Kxd7 22. b4 b5 23. Ne5+ Nxe5 24. Rxe5 Rf8 25. Re2 Bd6 26. h3 Rae8 27. Raa2 Rxe2
28. Rxe2 Re8 29. Rxe8 Kxe8 30. h4 h5 31. Bg5 a6 32. Kf1 Kf7 33. Ke2 Ke6 34. Ke3
Kf7 35. Ke2 Ke6 36. Ke3 {Game drawn by mutual agreement} 1/2-1/2

[Event "Team 45 45 League T26"]
[Site "Internet Chess Club"]
[Date "2005.04.23"]
[Round "6"]
[White "Rainbird"]
[Black "rabanito"]
[Result "1-0"]
[WhiteElo "1627"]
[BlackElo "1404"]
[TimeControl "2700+45"]

1. Nf3 d5 2. c4 c6 3. g3 Nf6 4. Bg2 Bg4 5. Ne5 Bh5 6. cxd5 cxd5 7. Nc3 Qc7 8.
Qa4+ Nc6 9. d4 e6 10. Bf4 Bd6 11. Nb5 Qa5+ 12. Qxa5 Bb4+ 13. Qxb4 Nxb4 14. Nc7+
Kd8 15. Nxa8 Nc2+ 16. Kd2 Nxa1 17. Rxa1 Ke7 18. Nc7 {Black resigns} 1-0

[Event "Team 45 45 League T26"]
[Site "Internet Chess Club"]
[Date "2005.04.26"]
[Round "6"]
[White "DTK"]
[Black "doobedoo"]
[Result "1/2-1/2"]
[WhiteElo "1966"]
[BlackElo "1743"]
[TimeControl "2700+45"]

1. e4 c6 2. d4 d5 3. Nc3 dxe4 4. Nxe4 Bf5 5. Ng3 Bg6 6. Nf3 Nd7 7. h4 h6 8. h5
Bh7 9. Bd3 Bxd3 10. Qxd3 Ngf6 11. Bf4 Qa5+ 12. Bd2 Qc7 13. O-O-O e6 14. Ne4
O-O-O 15. g3 Nxe4 16. Qxe4 Bd6 17. Kb1 Kb8 18. c4 Nf6 19. Qe2 c5 20. Bc3 Ka8 21.
dxc5 Qxc5 22. Ne5 Bxe5 23. Bxe5 Ng4 24. Bxg7 Nxf2 25. Rxd8+ Rxd8 26. Rf1 Qf5+
27. Qc2 Qg5 28. Bxh6 Qxh6 29. Qxf2 Qxh5 30. Qf3 Qg6+ 31. Kc1 Rc8 32. b3 Qg7
{Game drawn by mutual agreement} 1/2-1/2

[Event "Team 45 45 League T26"]
[Site "Internet Chess Club"]
[Date "2005.04.23"]
[Round "6"]
[White "gessie7"]
[Black "SeniorCitizen"]
[Result "1/2-1/2"]
[WhiteElo "1497"]
[BlackElo "1390"]
[TimeControl "2700+45"]

1. e4 e6 2. Nf3 d5 3. e5 c5 4. d4 Nc6 5. Bg5 Qb6 6. Nc3 cxd4 7. Nb5 Bc5 8. Nd6+
Bxd6 9. exd6 Qb4+ 10. Bd2 Qxd6 11. Bb5 Bd7 12. a3 Qc7 13. Bxc6 Bxc6 14. Nxd4 Ne7
15. O-O O-O 16. Qg4 Ng6 17. Rfe1 Bd7 18. Qf3 Rae8 19. Bb4 Ne7 20. Qg4 e5 21. Qg3
f6 22. Nb3 b6 23. Rad1 Bc6 24. Nd4 Bd7 25. Rd2 Rf7 26. Re3 Nf5 27. Nxf5 Bxf5 28.
Rc3 Qb7 29. Qf3 Be4 30. Qh3 a5 31. Bd6 Qd7 32. Qxd7 Rxd7 33. f3 Bxf3 34. gxf3
Rxd6 35. Rc7 Red8 36. Kf2 R8d7 37. Rc3 e4 38. fxe4 dxe4 39. Rxd6 Rxd6 40. Ke3
Re6 41. Rc7 h6 42. b4 axb4 43. axb4 f5 44. b5 Re5 45. c4 Kf8 46. Rc6 f4+ 47.
Kxf4 e3 48. Kxe5 e2 49. Rc8+ Kf7 50. Rc7+ Kg6 51. Rc6+ Kh7 52. Rxb6 e1=Q+ 53.
Kd6 Qd2+ 54. Kc5 Qf2+ 55. Kc6 Qf3+ 56. Kc5 Qe3+ 57. Kc6 Qe4+ 58. Kc5 Qe5+ 59.
Kb4 Qe1+ 60. Kc5 Qe5+ 61. Kb4 Qe1+ 62. Kc5 Qe5+ 63. Kb4 Qe1+ {Game drawn by
repetition} 1/2-1/2

[Event "Team 45 45 League T26"]
[Site "Internet Chess Club"]
[Date "2005.04.26"]
[Round "6"]
[White "ChessyStud"]
[Black "Milo"]
[Result "1-0"]
[WhiteElo "2100"]
[BlackElo "2263"]
[TimeControl "2700+45"]

1. e4 e5 2. Nf3 Nc6 3. Bc4 Nf6 4. Nc3 Nxe4 5. Nxe4 d5 6. Bb5 dxe4 7. Nxe5 Qg5 8.
d4 Qxg2 9. Rf1 Bh3 10. Qh5 g6 11. Nxg6 fxg6 12. Qe5+ Kd7 13. Qd5+ Bd6 14. Qf7+
Kc8 15. Qg7 Rd8 16. Be3 Qf3 17. Be2 Qf8 18. Qxh7 Bxf1 19. Bxf1 Qf3 20. Qxg6 Bf4
21. Bg2 Nxd4 22. Bxf3 Nxf3+ 23. Ke2 Bxe3 24. Kxe3 Nd4 25. Qxe4 Nc6 26. b4 a5 27.
b5 Nb4 28. c4 Rd3+ 29. Ke2 Kd7 30. Kf1 Re8 31. Qf5+ Kd8 32. a3 Rd7 33. axb4
{Black resigns} 1-0

[Event "Team 45 45 League T26"]
[Site "Internet Chess Club"]
[Date "2005.04.23"]
[Round "6"]
[White "hewdondada"]
[Black "Apocalyptic"]
[Result "0-1"]
[WhiteElo "1786"]
[BlackElo "2001"]
[TimeControl "2700+45"]

1. d4 c5 2. d5 f5 3. c4 g6 4. Nc3 d6 5. Nf3 Nf6 6. Qc2 Bg7 7. Nd2 O-O 8. e4 fxe4
9. Ndxe4 Nbd7 10. Bd3 Ne5 11. O-O a6 12. Be2 Rb8 13. Bf4 Nxe4 14. Bxe5 Bxe5 15.
Nxe4 b5 16. Rab1 e6 17. Bg4 Qh4 18. h3 exd5 19. g3 Qh6 20. cxd5 Bxg4 21. hxg4
Rf3 22. Kg2 Rbf8 23. Rh1 Qg7 24. Rbf1 Bd4 25. g5 Qe5 26. Nf6+ R8xf6 27. gxf6
Qxd5 28. f7+ Rxf7+ 29. f3 Qxa2 30. Qe4 Qxb2+ 31. Kh3 Qa2 32. Rh2 Qc4 33. Re2 Be5
34. Qxc4 bxc4 35. f4 Bd4 36. Re6 Rd7 37. Re8+ Kf7 38. Ra8 Bb2 39. Rxa6 d5 40. f5
Kg7 41. fxg6 hxg6 42. Re1 c3 43. Ree6 c2 44. Rxg6+ Kf7 45. Rh6 c1=Q {White
resigns} 0-1

[Event "Team 45 45 League T26"]
[Site "Internet Chess Club"]
[Date "2005.04.23"]
[Round "6"]
[White "matman"]
[Black "onslaught"]
[Result "0-1"]
[WhiteElo "1949"]
[BlackElo "2194"]
[TimeControl "2700+45"]

1. d4 d5 2. c4 c6 3. Nf3 Nf6 4. Nc3 dxc4 5. a4 Bf5 6. e3 e6 7. Bxc4 Bb4 8. O-O
O-O 9. Nh4 Nbd7 10. Qb3 Qb6 11. Nxf5 exf5 12. Qc2 g6 13. Rd1 Rac8 14. Bd2 a5 15.
Be1 Rfe8 16. b3 Bd6 17. Rac1 Qc7 18. g3 h5 19. h4 Ng4 20. Bf1 Ndf6 21. Qe2 f4
22. gxf4 Bxf4 23. Qf3 Bxe3 {White resigns} 0-1

[Event "Team 45 45 League T26"]
[Site "Internet Chess Club"]
[Date "2005.04.24"]
[Round "6"]
[White "indiadar"]
[Black "syy89"]
[Result "0-1"]
[WhiteElo "1895"]
[BlackElo "2084"]
[TimeControl "2700+45"]

1. e4 e5 2. Nf3 Nc6 3. Bb5 a6 4. Ba4 Nf6 5. O-O b5 6. Bb3 Bc5 7. c3 d6 8. a4 Bg4
9. h3 Bh5 10. d3 O-O 11. Re1 Re8 12. Nbd2 Na5 13. Bc2 b4 14. Nf1 Rb8 15. g4 Bg6
16. Ng3 bxc3 17. bxc3 Qd7 18. Nh4 d5 19. Bg5 Qc6 20. Nhf5 dxe4 21. dxe4 Bf8 22.
Qf3 Nb3 23. Rad1 Nc5 24. Nh6+ gxh6 25. Qxf6 Qxf6 26. Bxf6 Rb2 27. Rc1 Re6 28.
Bd8 Rc6 29. Bd1 Nd3 30. Bf3 Nxe1 31. Rxe1 Rxc3 32. Kg2 Bc5 33. Re2 Rxe2 34. Bxe2
Rc2 35. Kf3 Bd4 36. h4 f6 37. h5 Be8 38. Bxf6 Bxa4 39. Nf5 Rc3+ 40. Kg2 Kf7 41.
Bg7 Bd7 42. Bxh6 Bxf5 43. exf5 a5 44. g5 e4 45. g6+ Kg8 46. Bg5 hxg6 47. hxg6
Kg7 48. f3 e3 49. f4 a4 50. Kf3 a3 51. Ke4 c5 {White resigns} 0-1

[Event "Team 45 45 League T26"]
[Site "Internet Chess Club"]
[Date "2005.04.25"]
[Round "6"]
[White "Scotty2Cues"]
[Black "kikian"]
[Result "0-1"]
[WhiteElo "1905"]
[BlackElo "2060"]
[TimeControl "2700+45"]

1. e4 d6 2. d4 Nf6 3. Nc3 g6 4. Bc4 Bg7 5. f3 c6 6. h4 d5 7. Bb3 e6 8. Nge2 dxe4
9. fxe4 b5 10. e5 Nd5 11. Bg5 Qb6 12. Qd2 h6 13. Nxd5 cxd5 14. Be3 Nc6 15. c3
Na5 16. O-O Rb8 17. Rf2 Nc4 18. Bxc4 bxc4 19. Ng3 Qd8 20. Raf1 Rb7 21. h5 g5 22.
b4 cxb3 23. axb3 O-O 24. b4 Bd7 25. Ra1 Bb5 26. Ne2 f5 27. Qc2 Qb6 28. Bd2 Rc7
29. Qa2 a6 30. Qa5 Qc6 31. Nc1 Rcc8 32. Nb3 Qe8 33. Nc5 Rc6 34. c4 Bxc4 35. b5
Bxb5 36. Bb4 Rf7 37. Re1 f4 38. Qa2 Ra7 39. Qa5 Bf8 40. g4 fxg3 41. Rf6 Qxh5 42.
Rxf8+ Kg7 43. Kg2 Qh2+ 44. Kf3 Kxf8 45. Nxe6+ Kf7 46. Nd8+ Kg6 {White resigns}
0-1

[Event "Team 45 45 League T26"]
[Site "Internet Chess Club"]
[Date "2005.04.26"]
[Round "6"]
[White "f5"]
[Black "Zillmer"]
[Result "0-1"]
[WhiteElo "2249"]
[BlackElo "2124"]
[TimeControl "2700+45"]

1. e4 d6 2. d4 Nf6 3. Nc3 g6 4. f4 Bg7 5. Nf3 c5 6. Bb5+ Bd7 7. e5 Ng4 8. e6
Bxb5 9. exf7+ Kd7 10. Nxb5 Qa5+ 11. Nc3 h5 12. h3 cxd4 13. Nxd4 Nc6 14. Ne2 Nh6
15. O-O Nf5 16. Ne4 Raf8 17. Ng5 Nd8 18. c3 Nxf7 19. Nxf7 Rxf7 20. Qb3 Qb6+ 21.
Qxb6 axb6 22. Rf3 Kc6 23. Be3 Nxe3 24. Rxe3 e5 25. fxe5 Bxe5 26. Rf1 Bh2+ 27.
Kxh2 Rxf1 28. Nd4+ Kd7 {White resigns} 0-1

[Event "Team 45 45 League T26"]
[Site "Internet Chess Club"]
[Date "2005.04.23"]
[Round "6"]
[White "Sergio56"]
[Black "iwulu"]
[Result "0-1"]
[WhiteElo "1895"]
[BlackElo "2233"]
[TimeControl "2700+45"]

1. e4 e6 2. d3 d5 3. Nd2 Nf6 4. g3 dxe4 5. dxe4 e5 6. Bg2 Bc5 7. Ngf3 Nc6 8. O-O
O-O 9. Qe2 Qe7 10. Nb3 Bd6 11. Bg5 h6 12. Bd2 a5 13. Bc3 a4 14. Nbd2 b6 15. Rfd1
Ba6 16. Qe1 Bc5 17. h3 Nh5 18. Kh2 Qf6 19. b3 b5 20. bxa4 bxa4 21. Bf1 Bxf1 22.
Qxf1 Rfd8 23. Kg2 Nd4 24. Bxd4 Bxd4 25. Nxd4 Rxd4 26. c3 Rd6 27. Qb5 Rad8 28.
Qe2 Qg5 {White resigns} 0-1

[Event "Team 45 45 League T26"]
[Site "Internet Chess Club"]
[Date "2005.04.23"]
[Round "6"]
[White "Gregorio"]
[Black "alastorx"]
[Result "0-1"]
[WhiteElo "2029"]
[BlackElo "1846"]
[TimeControl "2700+45"]

1. e4 d5 2. exd5 Qxd5 3. Nf3 Nf6 4. Nc3 Qa5 5. b4 Qxb4 6. Be2 e6 7. O-O Be7 8.
Rb1 Qd6 9. Nb5 Qd8 10. d4 a6 11. Na3 b5 12. c3 O-O 13. Bd3 Bb7 14. Nc2 c5 15.
Ne3 cxd4 16. cxd4 Nbd7 17. Re1 Nb6 18. Ne5 Nbd5 19. Rb3 Nf4 20. Bf1 N4d5 21. Nc2
Rc8 22. Rg3 Re8 23. Bd3 Nc3 24. Qd2 Nce4 25. Rxe4 Bxe4 26. Qh6 Bf8 27. Ba3 Bg6
28. Nxg6 gxh6 29. Nxf8+ Kh8 30. Ne3 Rxf8 {White resigns} 0-1

[Event "Team 45 45 League T26"]
[Site "Internet Chess Club"]
[Date "2005.04.24"]
[Round "6"]
[White "NFK"]
[Black "StrayLite"]
[Result "0-1"]
[WhiteElo "1665"]
[BlackElo "1994"]
[TimeControl "2700+45"]

1. e4 c5 2. Nc3 Nc6 3. f4 g6 4. Nf3 Bg7 5. Bc4 e6 6. f5 gxf5 7. exf5 d5 8. Bb5
Nh6 9. fxe6 Bxe6 10. Bxc6+ bxc6 11. O-O Nf5 12. d3 O-O 13. Ng5 h6 14. Nxe6 fxe6
15. Rf3 Nh4 16. Rg3 Qf6 17. Be3 Nf5 18. Rf3 Nxe3 19. Rxf6 Nxd1 20. Rxf8+ Rxf8
21. Rxd1 Bd4+ 22. Kh1 Rf2 23. Re1 Rxc2 {White resigns} 0-1

[Event "Team 45 45 League T26"]
[Site "Internet Chess Club"]
[Date "2005.04.23"]
[Round "6"]
[White "Rossinantes"]
[Black "Quoyle"]
[Result "1/2-1/2"]
[WhiteElo "2329"]
[BlackElo "2417"]
[TimeControl "2700+45"]

1. d4 d5 2. c4 c6 3. Nf3 Nf6 4. Nc3 dxc4 5. a4 Bf5 6. e3 e6 7. Bxc4 Bb4 8. O-O
O-O 9. Nh4 Nbd7 10. Nxf5 exf5 11. Qc2 g6 12. f3 Qb6 13. Kh1 Rae8 14. Qf2 c5 15.
Qh4 Rc8 16. Ba2 Rfd8 17. Bd2 Nf8 18. a5 Qa6 19. Rfd1 c4 20. Bb1 Rc7 21. Nd5 Nxd5
22. Qxd8 Rd7 23. Qg5 Bxd2 24. Rxd2 c3 25. Bd3 cxb2 26. Rb1 Qxa5 27. Rdxb2 Ne6
28. Qh6 b6 29. h3 Qc3 30. Rb3 Qd2 31. Bc4 f4 32. e4 Ne3 33. R3b2 Qxd4 34. Bb5
Rc7 35. Qh4 Kg7 36. Qf2 Rc5 37. Qe2 Rg5 38. Qd3 Qf6 39. Ra2 Rg3 40. Rc1 Qg5 41.
Qc3+ Kh6 42. Bf1 Qh4 43. Qb2 Ng5 44. Qf2 Nxf1 45. Qxf1 Kg7 46. Kh2 a5 47. Rb1
Ne6 48. Rxb6 Rg5 49. Qf2 Qg3+ 50. Qxg3 fxg3+ 51. Kg1 Rc5 52. Rb1 Nd4 53. Rd1 Nc6
54. Raa1 Nb4 55. Rdc1 Re5 56. Rc3 f5 57. exf5 Rxf5 58. Rac1 h5 59. Rc5 Nd3 60.
Rxf5 gxf5 61. Ra1 Kg6 62. Rxa5 Kg5 63. Kf1 Nf4 64. Ra4 Ng6 65. Ke1 h4 66. Ra8
Nf4 67. Kf1 Ng6 68. Rg8 Kf6 69. Rxg6+ Kxg6 70. Ke2 Kf6 71. Kd3 Ke5 72. Kc4 Kd6
73. Kd4 {Game drawn by mutual agreement} 1/2-1/2

[Event "Team 45 45 League T26"]
[Site "Internet Chess Club"]
[Date "2005.04.26"]
[Round "6"]
[White "phoenix10q72"]
[Black "VentasD"]
[Result "0-1"]
[WhiteElo "2250"]
[BlackElo "2152"]
[TimeControl "2700+45"]

1. e4 e6 2. b3 d5 3. Bb2 c5 4. Qe2 d4 5. d3 Nc6 6. g3 e5 7. Nd2 a6 8. a4 Rb8 9.
Bg2 Bd6 10. Nh3 h5 11. f3 Nge7 12. O-O Ng6 13. Nc4 Bc7 14. Ba3 b5 15. axb5 axb5
16. Nd2 Bxh3 17. Bxh3 h4 18. Bg4 hxg3 19. hxg3 Qg5 20. Bxc5 Ba5 21. Rxa5 Nxa5
22. Bd6 Qh6 23. Bxb8 Qh1+ 24. Kf2 Rh2+ 25. Ke1 Rxe2+ 26. Kxe2 Qg2+ 27. Rf2 Qxg3
28. Nf1 Qg1 29. Ke1 Ke7 30. Ba7 Kd6 31. b4 Nc6 32. Bc5+ Kc7 33. c4 Nf4 34. Rd2
bxc4 35. dxc4 Ng2+ 36. Ke2 d3+ 37. Rxd3 Nf4+ 38. Kd2 Qg2+ 39. Kc3 Nxd3 40. Ne3
Qe2 41. f4 Qb2+ 42. Kxd3 exf4 43. Nd5+ Kb7 44. Bd6 Qd4+ 45. Ke2 Qxe4+ 46. Kf2
Ne5 47. Bxe5 Qxe5 48. Bf3 Qb2+ 49. Kg1 Kb8 50. c5 f5 51. Ne7 g5 52. c6 g4 53.
Bh1 g3 54. Bg2 Qf2+ 55. Kh1 Qe1+ {White resigns} 0-1

[Event "Team 45 45 League T26"]
[Site "Internet Chess Club"]
[Date "2005.04.21"]
[Round "6"]
[White "trevor21"]
[Black "jorobo"]
[Result "0-1"]
[WhiteElo "2064"]
[BlackElo "2109"]
[TimeControl "2700+45"]

1. d4 d5 2. c4 e6 3. Nc3 c5 4. e3 Nf6 5. cxd5 exd5 6. Bd3 Nc6 7. Nge2 a6 8. a4
Bd6 9. dxc5 Bxc5 10. O-O O-O 11. Nd4 Bg4 12. Nxc6 bxc6 13. Be2 Bxe2 14. Nxe2 Qd6
15. Nd4 Ne4 16. Bd2 Rab8 17. Bc3 Nxc3 18. bxc3 Rb2 19. Qd3 a5 20. Qa6 Rb6 21.
Qxa5 g6 22. Rab1 Rfb8 23. Rxb6 Bxb6 24. Qa6 Qc5 25. Qd3 Ba5 26. g3 Rb2 27. Rc1
Qa3 28. Nxc6 Rb6 29. Nxa5 Qxc1+ 30. Kg2 Rb1 31. Kh3 Qf1+ 32. Qxf1 Rxf1 33. Kg2
Rc1 34. Nc6 Kf8 35. Nb4 Rxc3 36. Nxd5 Ra3 37. Nb6 Ke7 38. Kf3 Ra2 39. h4 Kd6 40.
e4 Kc5 41. Nd7+ Kd4 42. Nf6 h5 43. Nh7 Ke5 44. Ng5 Ra3+ 45. Kg2 f6 46. f4+ Kd4
47. Nh7 Kxe4 48. Nxf6+ Kf5 49. Nd7 Rxa4 50. Ne5 Ra2+ 51. Kf3 Ra3+ 52. Kg2 Ra6
53. Kf3 Rb6 54. Nf7 Rb3+ 55. Kg2 Ke4 56. Ne5 Rb2+ 57. Kh3 Rb6 58. Kg2 Ra6 59.
Nf7 Ra2+ 60. Kh3 Ke3 61. Ne5 Kf2 62. Kh2 Kf1+ 63. Kh1 Rg2 64. Nd7 Rxg3 65. Kh2
Rg4 66. Ne5 Rxf4 67. Nxg6 Rg4 68. Ne5 Rxh4+ 69. Kg3 Re4 70. Nf3 Rg4+ 71. Kh3 Kf2
72. Ne5 Re4 73. Nd7 Kf3 74. Nf6 Re1 75. Kh2 Re6 76. Nd5 Kg4 77. Kg2 h4 78. Nc3
h3+ 79. Kh2 Re3 80. Nd1 Re2+ 81. Kh1 Re1+ 82. Kh2 Re2+ 83. Kh1 Kg3 {White
resigns} 0-1

[Event "Team 45 45 League T26"]
[Site "Internet Chess Club"]
[Date "2005.04.23"]
[Round "6"]
[White "megamaster"]
[Black "WesleyCrusher"]
[Result "1-0"]
[WhiteElo "2116"]
[BlackElo "2076"]
[TimeControl "2700+45"]

1. e4 c5 2. Nf3 d6 3. d4 cxd4 4. Nxd4 Nf6 5. Nc3 a6 6. Be2 e5 7. Nb3 Be7 8. O-O
O-O 9. Be3 Be6 10. f4 Qc7 11. f5 Bc4 12. Bxc4 Qxc4 13. Qf3 b5 14. Nd2 Qc6 15. a3
a5 16. Bg5 Nbd7 17. Kh1 Rfe8 18. Rfd1 b4 19. axb4 axb4 20. Rxa8 Qxa8 21. Nb5 Qb7
22. Qe2 Rb8 23. Bxf6 Nxf6 24. c4 bxc3 25. Nxc3 Rc8 26. Nc4 Qb4 27. Ne3 Bf8 28.
Ned5 Nxd5 29. Nxd5 Qb3 30. h3 Rc4 31. Ra1 Qg3 32. Qxc4 {Black resigns} 1-0

[Event "Team 45 45 League T26"]
[Site "Internet Chess Club"]
[Date "2005.04.23"]
[Round "6"]
[White "akdog3"]
[Black "kostasgr"]
[Result "1/2-1/2"]
[WhiteElo "2159"]
[BlackElo "2093"]
[TimeControl "2700+45"]

1. Nf3 d5 2. d4 Nf6 3. e3 Bf5 4. c4 c6 5. cxd5 cxd5 6. Qb3 Qc7 7. Bd2 Nc6 8. Nc3
e6 9. Rc1 a6 10. Ne5 Bd6 11. f4 O-O 12. Be2 Bxe5 13. fxe5 Ne4 14. Nxe4 Bxe4 15.
O-O Qe7 16. Bf3 {Game drawn by mutual agreement} 1/2-1/2

[Event "Team 45 45 League T26"]
[Site "Internet Chess Club"]
[Date "2005.04.25"]
[Round "6"]
[White "DeLaSalle"]
[Black "PolarBear1"]
[Result "1-0"]
[WhiteElo "1958"]
[BlackElo "1917"]
[TimeControl "2700+45"]

1. d4 g6 2. e4 d6 3. Nc3 c6 4. Be3 Bg7 5. Qd2 Nd7 6. O-O-O b5 7. f3 Qa5 8. Kb1
Nb6 9. b3 Ba6 10. Nce2 Rb8 11. Qxa5 {Black resigns} 1-0

[Event "Team 45 45 League T26"]
[Site "Internet Chess Club"]
[Date "2005.04.23"]
[Round "6"]
[White "ARONOVICH"]
[Black "Rainbird"]
[Result "0-1"]
[WhiteElo "1717"]
[BlackElo "1648"]
[TimeControl "2700+45"]

1. e4 e5 2. f4 d5 3. exd5 exf4 4. Nf3 Nf6 5. c4 Bd6 6. Nc3 O-O 7. Be2 c6 8. d4
cxd5 9. c5 Bc7 10. O-O Nc6 11. Ne1 g5 12. Bd3 Re8 13. h4 Bg4 14. Nf3 Ne4 15. Be2
Ng3 16. Bd3 Nxf1 17. Bxh7+ Kh8 18. Qxf1 Bxf3 19. Qxf3 Kxh7 20. Qh5+ Kg8 21. Bd2
Qf6 22. Nb5 Re7 23. hxg5 Qg6 24. Qf3 Qe4 25. Qh5 Nxd4 26. Bc3 Ne2+ 27. Kh2 f3+
28. Nxc7 Qf4+ 29. g3 Qxg3+ 30. Kh1 Qg2# {White checkmated} 0-1

[Event "Team 45 45 League T26"]
[Site "Internet Chess Club"]
[Date "2005.04.23"]
[Round "6"]
[White "jantonio"]
[Black "GadsHill"]
[Result "1-0"]
[WhiteElo "1680"]
[BlackElo "1542"]
[TimeControl "2700+45"]

1. Nf3 d5 2. g3 Nf6 3. Bg2 c5 4. O-O Nc6 5. d3 e6 6. Nbd2 Be7 7. e4 dxe4 8. Nxe4
O-O 9. c3 Nxe4 10. dxe4 Qxd1 11. Rxd1 e5 12. Be3 Be6 13. Ng5 Bxg5 14. Bxg5 f6
15. Be3 b6 16. Rd6 Nd8 17. b3 Kf7 18. Rad1 Ke7 19. f4 Nf7 20. R6d3 Rad8 21. f5
Rxd3 22. Rxd3 Bc8 23. Bf3 Rd8 24. Rxd8 Nxd8 25. g4 Nc6 26. h4 Ba6 27. Kf2 Bd3
28. Bc1 Bb1 29. a3 Bc2 30. b4 Kd6 31. g5 cxb4 32. axb4 a5 33. bxa5 Nxa5 34. Ba3+
Kd7 35. Bf8 Ke8 36. Bxg7 Kf7 37. Bxf6 Nc4 38. Bh5+ Kf8 39. Bf3 Kf7 40. Ke2 h6
41. Bh5+ Kf8 42. gxh6 Kg8 43. Bg6 Nd6 44. h7+ {Black resigns} 1-0

[Event "Team 45 45 League T26"]
[Site "Internet Chess Club"]
[Date "2005.04.25"]
[Round "6"]
[White "Cantemir"]
[Black "clarinetref"]
[Result "1-0"]
[WhiteElo "1690"]
[BlackElo "1436"]
[TimeControl "2700+45"]

1. d4 Nf6 2. c4 e6 3. Nc3 Bb4 4. Qc2 d5 5. Bg5 h6 6. Bxf6 Qxf6 7. a3 Bxc3+ 8.
bxc3 c6 9. Nf3 Nd7 10. e4 dxe4 11. Qxe4 Nb6 12. Bd3 Bd7 13. O-O Qe7 14. c5 Nd5
15. c4 f5 16. Qe1 Nf6 17. Ne5 O-O 18. Ng6 Qf7 19. Nxf8 Rxf8 20. Rb1 Bc8 21. h3
Nh5 22. Qd2 Rd8 23. Be2 Nf6 24. Rfe1 e5 25. d5 cxd5 26. Bd1 Qc7 27. cxd5 e4 28.
Qd4 Nxd5 29. Bb3 Be6 30. Red1 Qc6 31. Qe5 Kh8 32. Ba4 Qxa4 33. Qxe6 Qd7 34. Qxd7
Rxd7 35. Rd4 Nf6 36. Rxd7 Nxd7 37. Rxb7 Nxc5 38. Rxa7 Kh7 39. a4 Kg6 40. a5 f4
41. a6 Kh5 42. Ra8 Nxa6 43. Rxa6 Kg5 44. Ra5+ Kf6 45. Kf1 g5 46. Ke2 Kg6 47. g4
h5 48. Ra6+ Kh7 49. gxh5 {Black resigns} 1-0

[Event "Team 45 45 League T26"]
[Site "Internet Chess Club"]
[Date "2005.04.22"]
[Round "6"]
[White "Just-Jim"]
[Black "rgadoury"]
[Result "0-1"]
[WhiteElo "1353"]
[BlackElo "1371"]
[TimeControl "2700+45"]

1. e4 e5 2. Nf3 Nc6 3. Bc4 Bc5 4. d3 Nf6 5. Ng5 O-O 6. Nc3 a6 7. Qf3 Nd4 8. Qd1
d6 9. O-O b5 10. Bb3 Bg4 11. f3 Nxf3+ 12. Kh1 Nxg5 13. Qe1 Ne6 14. Qg3 h6 15. h3
Bh5 16. Bxe6 fxe6 17. Bxh6 Qe7 18. Bg5 Rf7 19. Qh4 Bg6 20. Rad1 Qd7 21. Rf3 Nh5
22. Rdf1 Rxf3 23. Rxf3 Nf4 24. Bxf4 exf4 25. Rxf4 Rf8 26. Ne2 Be3 27. Rg4 Rf1+
28. Kh2 Qf7 29. Qd8+ Kh7 30. Rh4+ Bh5 31. Ng3 Bg1+ 32. Kh1 Bf2+ 33. Kh2 Bxg3+
34. Kxg3 Qf2+ 35. Kh2 Kh6 36. Qh8+ Kg6 37. Qxh5+ Kf6 38. Rg4 Qg1+ 39. Kg3 Qe3+
40. Kh4 Qf2+ 41. g3 e5 42. Qg5+ Ke6 43. Qg6+ Qf6+ 44. Qxf6+ Kxf6 45. Kh5 Rf2 46.
Rg6+ Kf7 47. Kg5 Rxc2 48. h4 Rxb2 49. h5 Rf2 50. h6 gxh6+ 51. Rxh6 Rf3 52. g4
Rxd3 53. Kh5 Rh3+ 54. Kg5 Rxh6 55. Kxh6 Kg8 56. g5 c5 57. g6 c4 58. Kg5 c3
{White resigns} 0-1

[Event "Team 45 45 League T26"]
[Site "Internet Chess Club"]
[Date "2005.04.29"]
[Round "6"]
[White "Chess2Play"]
[Black "GolferBob"]
[Result "0-1"]
[WhiteElo "1719"]
[BlackElo "1713"]
[TimeControl "2700+45"]

1. d4 Nf6 2. c4 e6 3. Nc3 Bb4 4. e3 O-O 5. Bd3 d5 6. Nf3 b6 7. O-O Bb7 8. a3 Bd6
9. Qc2 dxc4 10. Bxc4 Bxf3 11. gxf3 Nbd7 12. e4 e5 13. d5 Nh5 14. Kh1 Qf6 15. Qd1
Nf4 16. Rg1 Qh4 17. Be3 Qh5 18. Rg3 f5 19. Qg1 Rf7 20. Nb5 Ng6 21. Bf1 Nf4 22.
Nxd6 cxd6 23. Bxf4 exf4 24. Rh3 Qg6 25. Qxg6 hxg6 26. Rc1 fxe4 27. fxe4 Nc5 28.
f3 a5 29. e5 dxe5 30. d6 Rd8 31. Bc4 Rxd6 32. Bxf7+ Kxf7 33. b4 axb4 34. axb4
Nd3 35. Rc7+ Kf6 36. Rh7 Nxb4 37. Rhxg7 Rd1+ 38. Kg2 Rd2+ 39. Kh3 Rd3 40. Kg4
Nd5 41. Rcf7+ Ke6 42. Rb7 Kf6 43. Rgf7+ Ke6 44. Rh7 Nf6+ 45. Kg5 Nxh7+ 46. Rxh7
Rxf3 47. Rb7 Rb3 48. Kxg6 f3 49. Rc7 e4 50. h4 f2 51. Rc1 Rg3+ 52. Kh5 Ke5 53.
Kh6 Kf4 54. h5 Kf3 55. Kh7 Kg2 56. h6 f1=Q 57. Rxf1 Kxf1 58. Kh8 Rh3 59. h7
Rxh7+ {White resigns} 0-1

[Event "Team 45 45 League T26"]
[Site "Internet Chess Club"]
[Date "2005.04.25"]
[Round "6"]
[White "vvsi"]
[Black "mitdale"]
[Result "1-0"]
[WhiteElo "1682"]
[BlackElo "1715"]
[TimeControl "2700+45"]

1. e4 c5 2. Ne2 d6 3. Nbc3 Nf6 4. g3 g6 5. Bg2 e6 6. d3 Nc6 7. h3 Bg7 8. Be3 O-O
9. Qd2 Re8 10. O-O a6 11. a4 Rb8 12. Bh6 Bh8 13. Bg5 Qc7 14. g4 b5 15. axb5 axb5
16. f4 b4 17. Nd1 Bb7 18. f5 exf5 19. gxf5 Rf8 20. Bxf6 Bxf6 21. fxg6 fxg6 22.
c3 Rbd8 23. Qc2 Qb6 24. Nf4 b3 25. Qe2 c4+ 26. d4 Bg7 27. Qxc4+ Kh8 28. Nd5 Na5
29. Rxf8+ Rxf8 30. Nxb6 Nxc4 31. Nxc4 Rd8 32. Nde3 Kg8 33. Ra3 Bc6 34. Rxb3 Bh6
35. Rb6 Bxe3+ 36. Nxe3 Ba8 37. Nc4 d5 38. exd5 Bxd5 39. Bxd5+ Rxd5 40. Rb7 Rf5
41. Ne5 g5 42. b4 h5 43. b5 Kf8 44. Rf7+ Rxf7 45. Nxf7 Kxf7 46. b6 {Black
resigns} 1-0